[ PARTIDA AOE2 · #513473613 ]
UnrankedBengalíes vs Poles
Equipo del jugador · DERR
Equipo rival · VICT
[ ANÁLISIS DE REPETICIÓN · EXTRAÍDO DE LA PARTIDA GRABADA ]
Feudal
11:29
Castillos
22:17
Imperial
—
| APM promedio | 44.2 |
| APM pico | 87 |
| eAPM promedio | 19.8 |
| Aldeanos / militares | 50 / 38 |
Foco
⚔️ 25.8% · 🌾 74.2%
Archer ×26 · Militia ×6 · Armored Elephant ×6
Feudal
9:07
Castillos
—
Imperial
—
| APM promedio | 43.7 |
| APM pico | 103 |
| eAPM promedio | 17.4 |
| Aldeanos / militares | 36 / 14 |
Foco
⚔️ 15.8% · 🌾 84.2%
Archer ×4 · Militia ×4 · Skirmisher ×4 · Spearman ×2
Mapa de la partida
Recursos iniciales + cada clic de construcción. Líneas = muros · curvas = relieve. ◆ oro · ⬟ piedra · ● bayas · ✦ reliquia · ◌ hueco del cierre
Tu base· ✓ Cerrada en 22:17 · 14t muro · 1 puerta(s)
Base de Leo Javier· ✓ Cerrada en 12:00 · 31t muro · sin puerta
Terreno inicial suavizado · ◌ = hueco del cierre detectado · pasá el cursor para detalles
Inputs por minuto
— Arlechinno - - Leo Javier
Build order — Arlechinno
Primeras 150 de 179 acciones detectadas
| 0:00 | Encolar | Villager (Male) |
| 0:00 | Encolar | Villager (Male) |
| 0:02 | Construir | House |
| 0:02 | Construir | House |
| 0:08 | Encolar | Villager (Male) |
| 0:08 | Encolar | Villager (Male) |
| 1:28 | Encolar | Villager (Male) |
| 1:46 | Construir | Lumber Camp |
| 1:52 | Encolar | Villager (Male) |
| 2:08 | Encolar | Villager (Male) |
| 2:38 | Encolar | Villager (Male) |
| 2:55 | Encolar | Villager (Male) |
| 3:25 | Encolar | Villager (Male) |
| 3:53 | Construir | House |
| 3:58 | Encolar | Villager (Male) |
| 4:16 | Encolar | Villager (Male) |
| 4:39 | Construir | House |
| 4:56 | Encolar | Villager (Male) |
| 5:20 | Encolar | Villager (Male) |
| 5:41 | Encolar | Villager (Male) |
| 6:01 | Encolar | Villager (Male) |
| 6:15 | Construir | House |
| 6:33 | Encolar | Villager (Male) |
| 6:44 | Construir | Barracks |
| 7:02 | Encolar | Villager (Male) |
| 7:14 | Construir | Mill |
| 7:17 | Encolar | Villager (Male) |
| 7:50 | Encolar | Militia |
| 7:50 | Encolar | Militia |
| 7:54 | Construir | House |
| 7:59 | Encolar | Villager (Male) |
| 8:13 | Investigar | Loom |
| 8:17 | Construir | Palisade Wall |
| 8:22 | Construir | Palisade Wall |
| 8:23 | Construir | Palisade Wall |
| 8:24 | Construir | Palisade Wall |
| 8:30 | Encolar | Militia |
| 8:44 | Encolar | Militia |
| 8:51 | Encolar | Villager (Male) |
| 9:16 | Encolar | Militia |
| 9:19 | Investigar | Feudal Age |
| 9:39 | Encolar | Militia |
| 9:42 | Construir | Mining Camp |
| 10:45 | Construir | House |
| 10:53 | Construir | Palisade Wall |
| 11:05 | Construir | Palisade Wall |
| 11:10 | Encolar | Villager (Male) |
| 11:29 | Edad | Edad Feudal |
| 11:38 | Construir | Archery Range |
| 11:47 | Investigar | Double-Bit Axe |
| 11:48 | Encolar | Villager (Male) |
| 11:52 | Investigar | Horse Collar |
| 12:04 | Construir | Palisade Gate |
| 12:13 | Encolar | Villager (Male) |
| 12:24 | Encolar | Archer |
| 12:33 | Construir | Palisade Wall |
| 12:39 | Encolar | Archer |
| 12:44 | Encolar | Villager (Male) |
| 12:47 | Construir | Farm |
| 12:50 | Construir | Farm |
| 12:51 | Construir | Farm |
| 12:56 | Encolar | Villager (Male) |
| 13:09 | Construir | Farm |
| 13:11 | Construir | Farm |
| 13:20 | Encolar | Villager (Male) |
| 13:28 | Encolar | Archer |
| 13:37 | Construir | Blacksmith |
| 13:48 | Construir | House |
| 13:52 | Encolar | Villager (Male) |
| 13:55 | Construir | Farm |
| 13:56 | Encolar | Archer |
| 14:14 | Construir | House |
| 14:20 | Encolar | Villager (Male) |
| 14:30 | Encolar | Villager (Male) |
| 14:39 | Investigar | Fletching |
| 14:49 | Encolar | Archer |
| 14:56 | Construir | Archery Range |
| 15:01 | Encolar | Villager (Male) |
| 15:05 | Construir | Farm |
| 15:11 | Encolar | Archer |
| 15:22 | Encolar | Villager (Male) |
| 15:36 | Encolar | Villager (Male) |
| 15:55 | Encolar | Archer |
| 15:56 | Encolar | Villager (Male) |
| 15:57 | Encolar | Archer |
| 15:57 | Encolar | Archer |
| 16:17 | Encolar | Archer |
| 16:17 | Encolar | Villager (Male) |
| 16:21 | Construir | House |
| 16:23 | Construir | Farm |
| 16:24 | Construir | Farm |
| 16:25 | Construir | Farm |
| 16:49 | Construir | House |
| 16:54 | Investigar | Padded Archer Armor |
| 17:00 | Encolar | Archer |
| 17:02 | Investigar | Wheelbarrow |
| 17:05 | Construir | Farm |
| 17:15 | Encolar | Villager (Male) |
| 17:23 | Encolar | Archer |
| 17:27 | Construir | Farm |
| 17:46 | Construir | Lumber Camp |
| 17:51 | Encolar | Archer |
| 18:01 | Encolar | Archer |
| 18:11 | Construir | House |
| 18:41 | Encolar | Archer |
| 18:42 | Encolar | Archer |
| 19:06 | Encolar | Archer |
| 19:06 | Encolar | Archer |
| 19:12 | Construir | House |
| 19:12 | Construir | House |
| 19:23 | Construir | House |
| 19:37 | Investigar | Castle Age |
| 19:42 | Construir | Farm |
| 19:53 | Encolar | Archer |
| 19:53 | Encolar | Archer |
| 19:57 | Construir | Mining Camp |
| 20:04 | Construir | House |
| 20:04 | Construir | House |
| 20:14 | Encolar | Villager (Male) |
| 20:25 | Encolar | Archer |
| 20:25 | Encolar | Archer |
| 20:30 | Investigar | Gold Mining |
| 21:37 | Encolar | Archer |
| 21:37 | Encolar | Archer |
| 21:47 | Construir | House |
| 21:48 | Construir | House |
| 22:03 | Encolar | Villager (Male) |
| 22:17 | Edad | Edad de los Castillos |
| 22:19 | Construir | Siege Workshop |
| 22:20 | Investigar | Bodkin Arrow |
| 22:21 | Investigar | Crossbowman (upgrade) |
| 22:21 | Investigar | Crossbowman (upgrade) |
| 22:41 | Construir | University |
| 22:44 | Encolar | Archer |
| 22:44 | Encolar | Archer |
| 23:03 | Encolar | Armored Elephant |
| 23:10 | Encolar | Villager (Male) |
| 23:36 | Encolar | Armored Elephant |
| 23:37 | Encolar | Villager (Male) |
| 23:37 | Encolar | Villager (Male) |
| 23:38 | Encolar | Villager (Male) |
| 23:38 | Encolar | Villager (Male) |
| 23:53 | Construir | House |
| 23:54 | Construir | House |
| 24:03 | Encolar | Armored Elephant |
| 24:43 | Encolar | Armored Elephant |
| 24:59 | Encolar | Armored Elephant |
| 25:43 | Encolar | Armored Elephant |
| 26:20 | Encolar | Villager (Male) |
| 26:20 | Encolar | Villager (Male) |
Build order — Leo Javier
86 acciones detectadas en el replay
| 0:03 | Encolar | Villager (Male) |
| 0:04 | Encolar | Villager (Male) |
| 0:04 | Encolar | Villager (Male) |
| 0:04 | Encolar | Villager (Male) |
| 0:04 | Encolar | Villager (Male) |
| 0:06 | Construir | House |
| 0:08 | Construir | House |
| 1:25 | Encolar | Villager (Male) |
| 1:52 | Construir | Lumber Camp |
| 1:59 | Encolar | Villager (Male) |
| 2:35 | Encolar | Villager (Male) |
| 2:36 | Encolar | Villager (Male) |
| 2:52 | Encolar | Villager (Male) |
| 3:17 | Encolar | Villager (Male) |
| 3:17 | Encolar | Villager (Male) |
| 3:34 | Construir | House |
| 4:10 | Encolar | Villager (Male) |
| 4:11 | Encolar | Villager (Male) |
| 4:21 | Encolar | Villager (Male) |
| 4:59 | Construir | Mill |
| 5:14 | Encolar | Villager (Male) |
| 5:15 | Encolar | Villager (Male) |
| 5:15 | Encolar | Villager (Male) |
| 6:16 | Investigar | Loom |
| 6:30 | Construir | Barracks |
| 6:58 | Investigar | Feudal Age |
| 7:32 | Construir | Palisade Wall |
| 7:59 | Encolar | Militia |
| 8:00 | Encolar | Militia |
| 8:00 | Encolar | Militia |
| 8:04 | Construir | Mining Camp |
| 8:53 | Construir | House |
| 9:07 | Edad | Edad Feudal |
| 9:15 | Encolar | Villager (Male) |
| 9:22 | Encolar | Militia |
| 9:30 | Construir | House |
| 9:59 | Encolar | Villager (Male) |
| 10:02 | Investigar | Man-at-Arms (upgrade) |
| 10:08 | Encolar | Villager (Male) |
| 10:28 | Encolar | Villager (Male) |
| 10:58 | Encolar | Villager (Male) |
| 10:58 | Encolar | Villager (Male) |
| 11:02 | Construir | Archery Range |
| 11:22 | Construir | Palisade Wall |
| 11:24 | Construir | Palisade Wall |
| 11:26 | Construir | Palisade Wall |
| 11:27 | Construir | Palisade Wall |
| 11:31 | Encolar | Villager (Male) |
| 11:35 | Construir | Mill |
| 11:45 | Encolar | Villager (Male) |
| 12:11 | Encolar | Villager (Male) |
| 12:16 | Encolar | Archer |
| 12:16 | Encolar | Archer |
| 12:21 | Construir | Palisade Wall |
| 12:43 | Encolar | Villager (Male) |
| 13:05 | Construir | Palisade Gate |
| 13:24 | Construir | Farm |
| 13:26 | Construir | Farm |
| 13:27 | Encolar | Villager (Male) |
| 13:33 | Investigar | Double-Bit Axe |
| 13:43 | Encolar | Archer |
| 13:57 | Encolar | Villager (Male) |
| 14:08 | Encolar | Archer |
| 14:20 | Encolar | Villager (Male) |
| 14:24 | Construir | Farm |
| 14:42 | Encolar | Skirmisher |
| 14:56 | Encolar | Villager (Male) |
| 14:59 | Construir | House |
| 15:11 | Construir | Palisade Wall |
| 15:20 | Encolar | Skirmisher |
| 15:22 | Encolar | Villager (Male) |
| 15:26 | Construir | Farm |
| 15:26 | Construir | Farm |
| 15:26 | Construir | Farm |
| 16:22 | Construir | Blacksmith |
| 16:31 | Encolar | Spearman |
| 16:31 | Encolar | Spearman |
| 16:39 | Encolar | Villager (Male) |
| 16:51 | Encolar | Villager (Male) |
| 17:02 | Encolar | Skirmisher |
| 17:06 | Investigar | Fletching |
| 17:06 | Investigar | Fletching |
| 17:22 | Encolar | Skirmisher |
| 17:24 | Encolar | Villager (Male) |
| 17:27 | Construir | Farm |
| 17:38 | Construir | Farm |
Cronología de la partida
| 6:30 | Leo Javier · first_building Barracks |
| 6:44 | Arlechinno · first_building Barracks |
| 7:32 | Leo Javier · wall_segment Palisade Wall x15 |
| 8:17 | Arlechinno · wall_segment Palisade Wall x1 |
| 8:22 | Arlechinno · wall_segment Palisade Wall x1 |
| 8:23 | Arlechinno · wall_segment Palisade Wall x1 |
| 8:24 | Arlechinno · wall_segment Palisade Wall x1 |
| 9:07 | Leo Javier · age_up feudal |
| 10:53 | Arlechinno · wall_segment Palisade Wall x1 |
| 11:02 | Leo Javier · first_building Archery Range |
| 11:05 | Arlechinno · wall_segment Palisade Wall x9 |
| 11:22 | Leo Javier · wall_segment Palisade Wall x4 |
| 11:24 | Leo Javier · wall_segment Palisade Wall x4 |
| 11:26 | Leo Javier · wall_segment Palisade Wall x4 |
| 11:27 | Leo Javier · wall_segment Palisade Wall x4 |
| 11:29 | Arlechinno · age_up feudal |
| 11:38 | Arlechinno · first_building Archery Range |
| 12:21 | Leo Javier · wall_segment Palisade Wall x1 |
| 12:33 | Arlechinno · wall_segment Palisade Wall x1 |
| 15:11 | Leo Javier · wall_segment Palisade Wall x9 |
| 22:17 | Arlechinno · age_up castle |
| 22:19 | Arlechinno · first_building Siege Workshop |
[ ANÁLISIS IA · 1 CRÉDITO ]
¿Qué pasó realmente en esta partida?
Wolo.gg analiza cada decisión: build order, eco, micro, errores típicos por bracket. Análisis personalizado por WhatsApp o Discord en 30 segundos.
Guía civ
Bengalíes
Perfil
Jugador #2878663